 Dungeon Crawl Stone Soup version 0.22-a0-533-g4d20840 (webtiles) character file.

90 gmonis the Firebug (level 4, 0/33 HPs)
             Began as a Draconian Fire Elementalist on June 22, 2018.
             Slain by a gnoll
             ... wielding a +0 club
              (7 damage)
             ... on level 1 of the Dungeon.
             The game lasted 00:07:16 (2336 turns).

gmonis the Firebug (Draconian Fire Elementalist)    Turns: 2336, Time: 00:07:16

Health: 0/33       AC:  5    Str: 11    XL:     4   Next: 32%
Magic:  0/8        EV: 12    Int: 15    God:
Gold:   106        SH:  0    Dex: 12    Spells: 7/8 levels left

rFire    . . .     SeeInvis .   (no weapon)
rCold    . . .     Gourm    .   (no shield)
rNeg     . . .     Faith    .   (armour unavailable)
rPois    .         Spirit   .   (helmet restricted)
rElec    .         Reflect  .   (no cloak)
rCorr    .         Harm     .   (no gloves)
MR       .....                  (no boots)
Stlth    ++........             (no amulet)
HPRegen  0.11/turn              (no ring)
MPRegen  0.11/turn              (no ring)

@: very slightly contaminated
A: unfitting armour, cold-blooded, AC +5
a: no special abilities


You were on level 1 of the Dungeon.
You were not hungry.

You visited 1 branch of the dungeon, and saw 2 of its levels.

You collected 106 gold pieces.

Inventory:

Missiles
 d - 23 stones (quivered)
Jewellery
 a - an uncursed ring of fire {unknown}
Wands
 g - a wand of acid (7)
Scrolls
 c - 2 scrolls of teleportation {unknown}
 e - a scroll of immolation {unknown}
 h - a scroll of noise {unknown}
 j - a scroll of identify {unknown}
 k - a scroll of amnesia {unknown}
Potions
 f - a potion of lignification {unknown}
Comestibles
 b - a ration
 i - 2 chunks of flesh


   Skills:
 - Level 1.7 Dodging
 - Level 1.7 Stealth
 + Level 2.9 Spellcasting
 + Level 2.4 Conjurations
 + Level 3.8 Fire Magic


You had 7 spell levels left.
You knew the following spells:

 Your Spells              Type           Power        Failure   Level  Hunger
a - Flame Tongue          Conj/Fire      ##...        5%          1    #......

Your spell library contained the following spells:

 Spells                   Type           Power        Failure   Level  Hunger
 Fireball                 Conj/Fire      ##........   83%         5    ######.
 Conjure Flame            Conj/Fire      ##......     16%         3    ###....
 Throw Flame              Conj/Fire      ##....       9%          2    ##.....
 Sticky Flame             Conj/Fire      ##......     47%         4    #####..
 Inner Flame              Hex/Fire       #.......     26%         3    ###....


Dungeon Overview and Level Annotations

Branches:
Dungeon (2/15)

Altars:


Innate Abilities, Weirdness & Mutations

Your plain brown scales are hard. (AC +5)
You cannot fit into any form of body armour.
You are cold-blooded and may be slowed by cold attacks.


Message History

Aiming: Flame Tongue (safe; 5% risk of failure)
Press: ? - help, Shift-Dir - straight line, f/p - adder
Aim: an adder (almost dead)
You miscast Flame Tongue.
You are very lightly contaminated with residual magic.
Nothing appears to happen.
You feel sick. The adder barely misses you.
The adder bites you but does no damage.
You feel sick. The adder bites you but does no damage.
Casting: Flame Tongue (safe; 5% risk of failure)
Confirm with . or Enter, or press ? or * to list all spells.
Aiming: Flame Tongue (safe; 5% risk of failure)
Press: ? - help, Shift-Dir - straight line, f/p - adder
Aim: an adder (severely wounded)
The flame tongue hits the adder.
You kill the adder!
You feel sick.
You are no longer poisoned.
The gnoll hits you with a club!
You die...

...######.# #.#.#.#.#.####.#...
...#......#####.#.....#.# #.#...
...#.####.#.....##....#.# ##.#...
...#.# #.#.#####.....#.# #......
...#.####.....###.###.#.# #......
...'............#.....#.# #.##...
...#....†.#.#.#.#######.###.#....
...+.............................
...######...####@####.#.#...#...#
#### ########†g# #.#.#.###....
#........# #.#.#.###.##.
#........# #...#.....#..
#........#######.#######
#.........######.# #....
#..............#.# #.#..
#..............#.# #.#..
#..............#.###.###


You could see a gnoll.

Vanquished Creatures
  2 gnolls (D:2)
  An adder (D:1)
  5 dart slugs
  A leopard gecko (D:1)
  5 bats (D:1)
  2 giant cockroaches
  5 goblins
  4 hobgoblins
  7 jackals
  7 kobolds
  A quokka (D:2)
  3 frilled lizards
  6 rats
49 creatures vanquished.

Notes
Turn   | Place    | Note
-------+----------+-------------------------------------------
     0 | D:1      | gmonis the Draconian Fire Elementalist began the quest for the Orb.
     0 | D:1      | Reached XP level 1. HP: 14/14 MP: 3/3
   215 | D:1      | Reached XP level 2. HP: 16/20 MP: 0/5
   724 | D:1      | Reached XP level 3. HP: 24/26 MP: 0/6
  2085 | D:2      | Reached XP level 4. HP: 33/33 MP: 2/8
  2336 | D:1      | Slain by a gnoll

Vault maps used:
D:1:      evilmike_arrival_hilbert_curve, solitary_fountain, minivault_5
D:2:      minmay_wonky_spiral, corexii_item_surrounded_by_moat,
          kennysheep_crisscross, st_stairs_7, hangedman_feature_mirror

Skill      XL: |  1  2  3 |
---------------+----------+-----
Conjurations   | 2 |  2.4
Dodging        | |  1.7
Stealth        | |  1.7
Spellcasting   | |  2.9
Fire Magic     | |  3.8

Action                   |  1- 3 |  4- 6 || total
-------------------------+-------+-------++-------
 Cast: Flame Tongue      |    85 |    21 ||   106
  Eat: Chunk             |     4 |     1 ||     5
Armor: Skin              |     7 |     8 ||    15
Dodge: Dodged            |    22 |    20 ||    42

Table legend:
 A = Spawn XP
 B = Non-spawn XP
 C = Spawn XP percentage of total XP
 D = Spawn monster count
 E = Non-spawn monster count
 F = Spawn count percentage of total count
 G = Total turns spent on level
                    A         B        C        D         E        F      G
               +---------+---------+-------+---------+---------+-------+---------
         Total |       0 |     129 |   0.0 |       0 |      49 |   0.0 |  2336
               +---------+---------+-------+---------+---------+-------+---------
           D:1 |       0 |      79 |   0.0 |       0 |      35 |   0.0 |  1828
           D:2 |       0 |      50 |   0.0 |       0 |      14 |   0.0 |   508
               +---------+---------+-------+---------+---------+-------+---------
